Map: Orbital Shipyard

Players

IamDrizzt

  • Race: Protoss Protoss
  • League: Diamond

Skritsch

  • Race: Protoss Protoss

MorN

  • Race: Protoss Protoss
  • League: Platinum

Reborn

  • Race: Protoss Protoss

VOD

Have the link to the VOD?

Description

Time

  • Played on: Nov. 11, 2015, 8:37 p.m.
  • Length: 5:19
Show
View Real Time Build Order
Export as new Build Order

IamDrizzt Protoss 

Build Orders:  

Get SALT Encoding   

  12  0:00  Probe (Chrono Boost)  
  13  0:11  Probe (Chrono Boost)  
  14  0:22  Probe (Chrono Boost)  
  15  0:31  Pylon  
  15  0:32  Assimilator  
  16  0:50  Probe (Chrono Boost), Gateway  
  16  1:00  Probe (Chrono Boost)  
  17  1:11  Probe (Chrono Boost)  
  18  1:21  Probe (Chrono Boost)  
  19  1:26  Pylon  
  19  1:29  Gateway  
  19  1:34  Probe (Chrono Boost)  
  19  1:39  Cybernetics Core  
  20  1:47  Gateway  
  20  1:51  Probe (Chrono Boost)  
  21  1:57  Assimilator  
  20  2:01  Probe (Chrono Boost)  
  21  2:12  Probe (Chrono Boost), Warp Gate (Chrono Boost)  
  21  2:13  Gateway  
  22  2:17  Adept  
  22  2:18  Adept  
  26  2:25  Probe  
  27  2:39  Mothership Core  
  27  2:40  Adept (Chrono Boost)  
  31  2:46  Pylon  
  31  3:10  Adept x2 (Chrono Boost)  
  31  3:11  Adept (Chrono Boost)  
  37  3:13  Pylon  
  39  3:40  Stalker (Chrono Boost)  
  41  3:41  Stalker x2 (Chrono Boost)  
  41  3:43  Pylon  
  35  4:17  Stalker x3  
  37  4:24  Probe  
  38  4:41  Pylon  
  38  4:42  Stalker x2  
  38  4:43  Stalker  
  40  4:56  Pylon  
Show
View Real Time Build Order
Export as new Build Order

Skritsch Protoss 

Build Orders:  

Get SALT Encoding   

  12  0:01  Probe (Chrono Boost)  
  13  0:11  Probe (Chrono Boost)  
  14  0:19  Pylon  
  14  0:22  Probe (Chrono Boost)  
  15  0:37  Probe (Chrono Boost)  
  16  0:43  Gateway  
  16  0:48  Probe (Chrono Boost)  
  17  0:52  Assimilator  
  17  0:58  Probe (Chrono Boost)  
  18  1:09  Probe (Chrono Boost)  
  19  1:12  Pylon  
  19  1:19  Probe (Chrono Boost)  
  20  1:30  Probe (Chrono Boost)  
  21  1:33  Zealot  
  23  1:40  Probe (Chrono Boost)  
  23  1:41  Gateway  
  24  1:51  Probe (Chrono Boost)  
  24  1:52  Gateway  
  25  2:01  Probe (Chrono Boost)  
  25  2:02  Zealot  
  25  2:06  Cybernetics Core  
  28  2:11  Pylon  
  30  2:33  Assimilator  
  30  2:44  Stalker (Chrono Boost)  
  34  2:46  Stalker x2 (Chrono Boost)  
  34  2:47  Warp Gate  
  33  2:59  Pylon  
  27  3:28  Stalker (Chrono Boost)  
  27  3:32  Stalker (Chrono Boost)  
  27  3:33  Zealot (Chrono Boost)  
  29  3:57  Stalker (Chrono Boost)  
  29  4:01  Stalker (Chrono Boost)  
  35  4:04  Stalker (Chrono Boost), Probe  
  34  4:23  Stalker (Chrono Boost)  
  30  4:51  Adept (Chrono Boost)  
  28  4:56  Stalker  
  28  4:57  Stalker  
Show
View Real Time Build Order
Export as new Build Order

MorN Protoss 

Build Orders:  

Get SALT Encoding   

Show
View Real Time Build Order
Export as new Build Order

Reborn Protoss 

Build Orders:  

Get SALT Encoding   

Tags
 
Add a new tag
Caveats
  • Supply blocks, unpowered buildings, or Contaminate may cause inaccurate times.
  • Supply counts are checked every 10 seconds.